 Dungeon Crawl Stone Soup version 0.25-a0-435-g4b9beb1024 (webtiles) character file.

Game seed: 12080269193984892673, levelgen mode: deterministic

36 dorpapst the Chopper (level 3, 0/33 HPs)
             Began as a Hill Orc Fighter on Jan 28, 2020.
             Succumbed to a kobold's poison
             ... on level 1 of the Dungeon.
             The game lasted 00:04:21 (745 turns).

dorpapst the Chopper (Hill Orc Fighter)              Turns: 745, Time: 00:04:22

Health: 0/33       AC: 11    Str: 19    XL:     3   Next: 37%
Magic:  3/3        EV:  3    Int:  8    God:
Gold:   48         SH:  9    Dex: 10    Spells: 2/2 levels left

rFire    + . .     SeeInvis .   a - +0 war axe
rCold    + . .     Gourm    .   c - +0 shield
rNeg     . . .     Faith    .   j - +0 plate armour
rPois    +         Spirit   .   (no helmet)
rElec    +         Reflect  .   (no cloak)
rCorr    +         Harm     .   (no gloves)
MR       .....                  (no boots)
Stlth    ..........             (no amulet)
HPRegen  0.11/turn              (no ring)
MPRegen  0.08/turn              (no ring)

@: lethally poisoned (0 -> -1), resistant (expiring)
A: no striking features
a: no special abilities


You were on level 1 of the Dungeon.
You were not hungry.

You visited 1 branch of the dungeon, and saw 1 of its levels.

You collected 48 gold pieces.

Inventory:

Hand Weapons
 a - a +0 war axe (weapon)
 m - a +2 short sword of venom
Missiles
 g - 35 stones (quivered)
Armour
 b - a +0 scale mail
 c - a +0 shield (worn)
 j - a +0 plate armour (worn)
Scrolls
 e - 4 scrolls of identify
 i - 2 scrolls of remove curse
Potions
 d - a potion of might
 h - a potion of haste
 l - a potion of magic
Comestibles
 f - a ration


   Skills:
 - Level 3.8 Fighting
 + Level 4.4 Axes
 - Level 3.4 Armour
 - Level 3.4 Shields


You had 2 spell levels left.
You didn't know any spells.
Your spell library was empty.

Dungeon Overview and Level Annotations

Branches:
Dungeon (1/15)

Altars:


Message History

You feel sick.
You see here a rat corpse.
* * * LOW HITPOINT WARNING * * *
You feel sick.
* * * LOW HITPOINT WARNING * * *
You feel sick.
* * * LOW HITPOINT WARNING * * *
You feel sick.
Unknown command.
* * * LOW HITPOINT WARNING * * *
You feel sick.
You see here a buckler.
Your extra speed is starting to run out.
* * * LOW HITPOINT WARNING * * *
You feel sick.
You start to feel less resistant.
* * * LOW HITPOINT WARNING * * *
You feel sick.
You feel yourself slow down.
You die...

#.........####### #.........#
#.##.###### #.........# ..#..#
#...[.....# ....########
#.........# ...........## ###
####.###### #########...# #.#
###..##### # ###....## #.#
#........# #####.....## #.#
#........# .##......## #@#
#........# .....≈...###
#.###........# ####..P..PP##
#.......†....# ##≈.P.....#
#.###........# #≈PP≈......## #.#
#........# #P≈..........# #.#
#........# #≈#.....≈.P≈≈# #.#
##...######## #.#.P...P≈P..# #.#
#..........#
##........P≈.###.####..........#


There were no monsters in sight!

Vanquished Creatures
  2 dart slugs (D:1)
  A leopard gecko (D:1)
  2 bats (D:1)
  A giant cockroach (D:1)
  4 goblins (D:1)
  5 hobgoblins (D:1)
  4 kobolds (D:1)
  11 rats (D:1)
30 creatures vanquished.

Notes
Turn   | Place    | Note
-------+----------+-------------------------------------------
     0 | D:1      | dorpapst the Hill Orc Fighter began the quest for the Orb.
     0 | D:1      | Reached XP level 1. HP: 19/19 MP: 1/1
    76 | D:1      | Reached XP level 2. HP: 21/27 MP: 2/2
   101 | D:1      | Reached skill level 3 in Axes
   524 | D:1      | Reached skill level 4 in Axes
   524 | D:1      | Reached XP level 3. HP: 33/33 MP: 3/3
   741 | D:1      | HP: 1/33 [poisoned by a kobold]
   745 | D:1      | Succumbed to a kobold's poison

Levels and vault maps discovered:
D:1:      lemuel_arrival_muddy, layout_rooms

Skill      XL: |  1  2 |
---------------+-------+-----
Axes           | 4 |  4.4
Fighting       | |  3.8
Armour         | |  3.4
Shields        | |  3.4

Action                   || total
-------------------------++-------
Melee: War axe           ||    73
  Use: Potion            ||     3
       Scroll            ||     1
Armor: Scale mail        ||    31
       Plate armour      ||     9
Dodge: Dodged            ||    24
Block: Shield            ||    49

Table legend:
 A = Non-vault XP
 B = Vault XP
 C = Vault XP percentage of total XP
 D = Non-vault monster count
 E = Vault monster count
 F = Vault count percentage of total count
                 A         B        C        D         E       F
            +---------+---------+-------+---------+---------+-------
      Total |      52 |       0 |   0.0 |      30 |       0 |   0.0
            +---------+---------+-------+---------+---------+-------
        D:1 |      52 |       0 |   0.0 |      30 |       0 |   0.0
            +---------+---------+-------+---------+---------+-------
